 Dungeon Crawl Stone Soup version 0.16-a0-2944-g6f1bef2 (webtiles) character file.

500 BluebellGnoll the Ducker (level 6, -1/30 HPs)
             Began as a Spriggan Wanderer on Dec 4, 2014.
             Slain by an orc
             ... wielding a +0 trident
              (12 damage)
             ... on level 4 of the Dungeon.
             The game lasted 00:12:07 (3394 turns).

BluebellGnoll the Ducker (Spriggan Wanderer)        Turns: 3394, Time: 00:12:07

Health: -1/30      AC:  2    Str:  7    XL:     6   Next: 94%
Magic:  13/13      EV: 22    Int: 15    God:
Gold:   120        SH:  0    Dex: 17    Spells: 0 memorised, 5 levels left

rFire  . . .     SeeInvis +     a - +2 short sword (freeze)
rCold  . . .     Clarity  .     d - +0 robe
rNeg   . . .     SustAb   .     (shield restricted)
rPois  .         Gourm    .     (helmet restricted)
rElec  .         Spirit   .     (no cloak)
rCorr  .         Warding  .     (gloves unavailable)
rMut   .         Stasis   .     (boots unavailable)
MR     +....                    (no amulet)
Stlth  ++++......               (no ring)
                                (no ring)

@: very quick, somewhat resistant to hostile enchantments, stealthy
A: unfitting armour, see invisible, herbivore 3, speed 3, slow metabolism 2
a: no special abilities


You were on level 4 of the Dungeon.
You were not hungry.

You visited 1 branch of the dungeon, and saw 4 of its levels.

You collected 120 gold pieces.

Inventory:

Hand weapons
 a - a +2 short sword of freezing (weapon)
 b - a +0 shortbow
 h - a cursed -3 hunting sling
 u - a +0 dagger of venom
Missiles
 e - 26 arrows
 i - 41 stones (quivered)
 j - 8 poisoned needles
Armour
 d - a +0 robe (worn)
Scrolls
 k - 2 scrolls of magic mapping {unknown}
 l - a scroll of random uselessness {unknown}
 o - 2 scrolls of enchant weapon {unknown}
 p - 2 scrolls of remove curse {unknown}
 r - a scroll of enchant armour {unknown}
 t - a scroll of teleportation {unknown}
 w - a scroll of fear {unknown}
 x - a scroll of identify {unknown}
Potions
 c - 4 potions of agility {unknown}
 g - a potion of invisibility {unknown}
 m - 2 potions of magic {unknown}
 n - 3 potions of curing {unknown}
 q - a potion of heal wounds {unknown}
 s - 2 potions of brilliance {unknown}
 v - a potion of ambrosia {unknown}
Comestibles
 f - 3 bread rations


   Skills:
 - Level 1.0 Fighting
 - Level 5.0 Short Blades
 - Level 3.6 Bows
 - Level 1.0 Armour
 + Level 6.5 Dodging
 - Level 6.2 Stealth
   Level 1.3 Evocations


You had 5 spell levels left.
You didn't know any spells.

Dungeon Overview and Level Annotations

Branches:
Dungeon (4/15)
 Temple: D:4-7

Altars:


Innate Abilities, Weirdness & Mutations

You are tiny and cannot use many weapons and most armour.
You have supernaturally acute eyesight.
You are a herbivore.
You cover ground extremely quickly.
You need consume almost no food.


Message History

The orc priest shouts!
Things that are here:
a dagger; a robe You barely miss the orc priest.
The orc priest completely misses you.
You barely miss the orc priest. The orc misses you.
You hit the orc priest. You freeze the orc priest.
The orc priest is heavily wounded.
The orc priest closely misses you. The orc hits you with a trident.
You barely miss the orc priest.
The orc priest is heavily wounded.
The orc priest completely misses you. The orc misses you.
You hit the orc priest. You freeze the orc priest.
The orc priest is almost dead.
The orc priest closely misses you.
You hit the orc priest. You freeze the orc priest.
You kill the orc priest!
The orc misses you.
You see here a short sword.
You closely miss the orc. The orc hits you with a trident!
You die...

###########
#######...$o....#
#..........)@..#
.######.#####.#
#......# #
#.#.##..<# #.#.
#...# #.#.##...#
#.#.#....# #
#.#.#.#..#.#
#.#.#.#....#


You could see an orc.

Vanquished Creatures
  An ogre (D:4)
  A phantom (D:4)
  2 orc priests
  A worker ant (D:3)
  An orc wizard (D:4)
  Natasha (thrice) (D:3)
  6 adders
  4 gnolls (D:2)
  A giant mite (D:3)
  4 giant geckos
  15 orcs
  6 bats
  6 goblins
  5 hobgoblins
  6 jackals (D:1)
  4 kobolds
  A quokka (D:3)
  4 giant cockroaches
  4 giant newts
  11 rats
86 creatures vanquished.

Notes
Turn   | Place    | Note
--------------------------------------------------------------
     0 | D:1      | BluebellGnoll, the Spriggan Wanderer, began the quest for the Orb.
     0 | D:1      | BluebellGnoll set off with: a +2 short sword, a +0 shortbow, a +0 robe, 29 arrows, a bread ration
     0 | D:1      | Reached XP level 1. HP: 10/10 MP: 2/2
   262 | D:1      | Reached XP level 2. HP: 14/14 MP: 4/4
   425 | D:1      | Reached skill level 4 in Stealth
  1038 | D:2      | Reached XP level 3. HP: 14/18 MP: 6/6
  1055 | D:2      | Reached skill level 5 in Stealth
  1157 | D:2      | Reached skill level 6 in Stealth
  1362 | D:2      | Reached XP level 4. HP: 9/22 MP: 8/8
  2042 | D:3      | Noticed Natasha
  2050 | D:3      | Killed Natasha
  2050 | D:3      | Reached XP level 5. HP: 10/25 MP: 11/11
  2732 | D:3      | Noticed Natasha
  2740 | D:3      | Killed Natasha
  2931 | D:3      | Noticed Natasha
  2994 | D:3      | Killed Natasha
  3178 | D:3      | Reached skill level 5 in Short Blades
  3178 | D:3      | Reached XP level 6. HP: 30/30 MP: 13/13
  3371 | D:4      | Reached skill level 5 in Dodging
  3394 | D:4      | Slain by an orc

Action                   |  1- 3 |  4- 6 || total
-------------------------+-------+-------++-------
Melee: Short sword       |    28 |   132 ||   160
       Dagger            |       |     5 ||     5
 Fire: Shortbow          |    59 |    46 ||   105
 Stab: Sleeping          |     7 |    10 ||    17
